 Dungeon Crawl Stone Soup version 0.23.2-40-g277498a001 (webtiles) character file.

Game seed: 12937555168753670120

376 Exodus22XD the Magician (level 6, -5/42 HPs)
             Began as a Mummy Ice Elementalist on Sept 7, 2019.
             Killed from afar by Natasha (7 damage)
             ... with a magic dart
             ... on level 4 of the Dungeon.
             The game lasted 00:14:18 (3772 turns).

Exodus22XD the Magician (Mummy Ice Elementalist)    Turns: 3772, Time: 00:14:18

Health: -5/42      AC:  8    Str: 11      XL:     6   Next: 44%
Magic:  10/15      EV: 12    Int: 16      God:
Gold:   169        SH:  0    Dex:  9 (13) Spells: 11/17 levels left

rFire    x . .     SeeInvis +   j - +4 quarterstaff (chaos)
rCold    + . .     Gourm    .   (shield currently unavailable)
rNeg     + + +     Faith    .   a - +0 robe
rPois    ∞         Spirit   .   (no helmet)
rElec    .         Reflect  .   (no cloak)
rCorr    .         Harm     .   (no gloves)
MR       .....                  d - +0 pair of boots
Stlth    ++........             (no amulet)
HPRegen  0.14/turn              f - ring of see invisible
MPRegen  0.14/turn              (no ring)

@: icy armour, slowed, very slow
A: no food or potions, fire vulnerability, cold resistance 1, negative energy
resistance 3, torment resistance, unbreathing
a: no special abilities


You were on level 4 of the Dungeon.
You were not hungry.

You visited 1 branch of the dungeon, and saw 4 of its levels.

You collected 169 gold pieces.

Inventory:

Hand Weapons
 c - a +0 short sword of draining
 j - a +4 quarterstaff of chaos (weapon)
Armour
 a - a +0 robe (worn)
 d - a +0 pair of boots (worn)
 k - a +0 cloak
Jewellery
 f - a ring of see invisible (left hand)
Wands
 i - a wand of digging (4)
 n - a wand of acid (7)
Scrolls
 b - 2 scrolls of remove curse
 e - a scroll of immolation
 g - a scroll of enchant armour {unknown}
 h - a scroll of teleportation {unknown}
 l - a scroll of noise {unknown}
 m - a scroll of identify


   Skills:
 + Level 0.8 Fighting
 - Level 0.4 Short Blades
 - Level 0.1 Staves
 - Level 1.9 Dodging
 - Level 1.5 Stealth
 + Level 6.0 Spellcasting
 + Level 0.7 Conjurations
 + Level 0.2 Charms
 + Level 4.3 Ice Magic


You had 11 spell levels left.
You knew the following spells:

 Your Spells              Type           Power        Failure   Level  Hunger
a - Freeze                Ice            ###.         2%          1    N/A
b - Throw Frost           Conj/Ice       ##....       8%          2    N/A
c - Ozocubu's Armour      Chrm/Ice       ##......     16%         3    N/A

Your spell library contained the following spells:

 Spells                   Type           Power        Failure   Level  Hunger
 Throw Icicle             Conj/Ice       ##......     43%         4    N/A
 Summon Ice Beast         Ice/Summ       ##......     50%         4    N/A

Dungeon Overview and Level Annotations

Branches:
Dungeon (4/15)
 Temple: D:4-7

Altars:
Dithmenos
Yredelemnul

Annotations:
D:3 Sigmund
D:4 Natasha


Innate Abilities, Weirdness & Mutations

You do not eat or drink.
Your flesh is vulnerable to fire.
You are immune to poison.
Your flesh is cold resistant. (rC+)
You are immune to negative energy. (rN+++)
You are immune to unholy pain and torment.
You can survive without breathing.


Message History

A film of ice covers your body! Natasha casts a spell at you.
You feel yourself slow down.
As you read the scroll labeled KECUNI DU JAF, it crumbles to dust.
It is a scroll of identify.
e - a scroll of immolation Evoke which item? (* to show all) (? for menu, Esc to quit)
Okay, then.
Casting: Ozocubu's Armour (safe; 16% risk of failure)
Confirm with . or Enter, or press ? or * to list all spells.
You can't see any susceptible monsters within range! (Use Z to cast anyway.)
Casting: Ozocubu's Armour (safe; 16% risk of failure)
Confirm with . or Enter, or press ? or * to list all spells.
Aiming: Throw Frost (safe; 8% risk of failure)
Press: ? - help, Shift-Dir - straight line, f - Natasha
Aim: Natasha The puff of frost misses Natasha.
Natasha stares at you and mumbles some strange words.
The magic dart hits you!
You die...

.)......#†..# #....#..
........'...# #....###
........#+##########.......
###........................
##................%......
##......................
+......................
#...............#####+#
####..@.........'......
######...h...#......
+...+...>...#......
#...#.......#######
##+##...#.......#.....#
+..##...#.......'...... ..#...
#...#...#.......#...... ..#...
#...#...#.......#######
..##'######..##...#..............


You could see Natasha.

Vanquished Creatures
  A scorpion (D:3)
  A quasit (D:4)
  Crazy Yiuf (D:2)
  An orc wizard (D:4)
  A bullfrog skeleton (D:4)
  Natasha (D:4)
  A worker ant (D:2)
  6 adders
  An ooze (D:1)
  An adder skeleton (D:4)
  A worm (D:2)
  A dart slug (D:2)
  A leopard gecko (D:3)
  15 orcs
  3 giant cockroaches (D:2)
  7 hobgoblins
  11 jackals (D:1)
  2 quokkas
  A ball python (D:3)
  5 bats
  3 frilled lizards (D:2)
  2 goblins
  7 kobolds
  9 rats
83 creatures vanquished.

Notes
Turn   | Place    | Note
-------+----------+-------------------------------------------
     0 | D:1      | Exodus22XD the Mummy Ice Elementalist began the quest for
                  | the Orb.
     0 | D:1      | Reached XP level 1. HP: 13/13 MP: 4/4
     6 | D:1      | Noticed a worker ant
     6 | D:1      | Noticed a crocodile
     6 | D:1      | Noticed a polar bear
     7 | D:1      | Noticed a wyvern
     7 | D:1      | Noticed a salamander
   239 | D:1      | Reached skill level 3 in Spellcasting
   239 | D:1      | Reached XP level 2. HP: 19/19 MP: 4/6
   966 | D:2      | Reached XP level 3. HP: 20/24 MP: 3/7
  1233 | D:2      | Reached XP level 4. HP: 30/30 MP: 5/9
  1242 | D:2      | Found a shadowy altar of Dithmenos.
  1322 | D:2      | Reached skill level 4 in Spellcasting
  1721 | D:2      | Learned a level 2 spell: Throw Frost
  2066 | D:2      | Found a runed translucent door.
  2067 | D:2      | Noticed Crazy Yiuf
  2196 | D:2      | Learned a level 3 spell: Ozocubu's Armour
  2203 | D:2      | Killed Crazy Yiuf
  2203 | D:2      | Reached XP level 5. HP: 17/35 MP: 1/12
  2561 | D:3      | Reached skill level 5 in Spellcasting
  2777 | D:3      | Noticed Sigmund
  3242 | D:4      | Reached XP level 6. HP: 27/42 MP: 7/14
  3352 | D:4      | Found a basalt altar of Yredelemnul.
  3729 | D:4      | Noticed Natasha
  3734 | D:4      | Killed Natasha
  3734 | D:4      | Reached skill level 6 in Spellcasting
  3767 | D:4      | Noticed Natasha
  3769 | D:4      | HP: 1/42 [Natasha/magic dart (6)]
  3772 | D:4      | Killed from afar by Natasha

Skill      XL: |  1  2  3  4  5  6 |
---------------+-------------------+-----
Spellcasting   | 3 4 5 6 |  6.0
Ice Magic      | 3 4 |  4.3
Fighting       | |  0.8
Short Blades   | |  0.4
Staves         | |  0.1
Dodging        | |  1.9
Stealth        | |  1.5
Conjurations   | |  0.7
Charms         | |  0.2

Action                   |  1- 3 |  4- 6 || total
-------------------------+-------+-------++-------
Melee: Short sword       |    10 |     4 ||    14
       Quarterstaff      |       |    21 ||    21
 Cast: Freeze            |    54 |   102 ||   156
       Ozocubu's Armour  |       |     8 ||     8
       Throw Frost       |       |     7 ||     7
  Use: Scroll            |     1 |     1 ||     2
 Stab: Sleeping          |       |     2 ||     2
       Paralysed         |       |     1 ||     1
Armor: Robe              |    11 |    26 ||    37
Dodge: Dodged            |    28 |    74 ||   102
